 Dungeon Crawl Stone Soup version 0.30-a0-269-gf0224bf7b6 (webtiles) character file.

Game seed: 16746331800716097420

53 Sobieck the Ruffian (level 3, -1/36 HPs)
             Began as an Ogre Transmuter on Oct 14, 2022.
             Frozen to death by an endoplasm (5 damage)
             ... on level 3 of the Dungeon.
             The game lasted 00:04:20 (1476 turns).

Sobieck the Ruffian (Ogre Transmuter)               Turns: 1476, Time: 00:04:20

Health: -1/36      AC:  3    Str: 20    XL:     3   Next: 87%
Magic:  7/7        EV: 10    Int: 16    God:
Gold:   41         SH:  0    Dex:  9    Spells: 5/8 levels left

rFire   . . .      SeeInvis .      - Unarmed
rCold   . . .      Faith    .    (no shield)
rNeg    . . .      Spirit   .    a - +0 robe
rPois   .          Reflect  .    (helmet currently unavailable)
rElec   .          Harm     .    (no cloak)
rCorr   .          Rampage  .    (gloves unavailable)
Will    .....                    (boots unavailable)
Stlth   +.........               (no amulet)
HPRegen 0.26/turn                h - ring of flight
MPRegen 0.10/turn                k - +6 ring of strength

@: appendages (expiring), flying
A: horns 2, talons 2, large, unfitting armour, tough skin 1
a: End Transformation


You were on level 3 of the Dungeon.
You had temporarily grown beastly horns and talons.
You visited 1 branch of the dungeon, and saw 3 of its levels.

You collected 41 gold pieces.


Innate Abilities, Weirdness & Mutations

You have temporarily grown beastly horns and talons.
You are too large for most types of armour.
You have tough skin. (AC +1)


   Skills:
 + Level 2.5 Fighting
 - Level 2.0 Dodging
 + Level 3.1 Unarmed Combat
 - Level 3.0 Spellcasting
 + Level 2.3 Transmutations


You had 5 spell levels left.
You knew the following spells:

 Your Spells              Type           Power      Damage    Failure   Level
a - Beastly Appendage     Tmut           18%        N/A       7%          1
b - Wereblood             Tmut           9%         N/A       11%         2

Your spell library contained the following spells:

 Spells                   Type           Power      Damage    Failure   Level
 Spider Form              Tmut/Pois      6%         N/A       34%         3
 Ice Form                 Ice/Tmut       6%         N/A       75%         4

Inventory:

Hand Weapons
 c - a +0 club {mace}
   (You found it on level 1 of the Dungeon)
 g - a +0 dagger {short}
   (You took it off a kobold on level 1 of the Dungeon)
 m - a +0 club {mace}
   (You took it off a goblin on level 1 of the Dungeon)
 n - a +0 whip {mace}
   (You took it off a kobold on level 1 of the Dungeon)
 p - a +0 short sword {short}
   (You took it off a kobold on level 1 of the Dungeon)
 q - a +0 short sword {short}
   (You took it off a kobold on level 2 of the Dungeon)
Missiles
 j - 3 javelins {throwing}
 l - 14 stones {throwing}
Armour
 a - a +0 robe (worn)
Jewellery
 h - a ring of flight (left hand)
   (You found it on level 1 of the Dungeon)
 k - a +6 ring of strength (right hand)
   (You found it on level 1 of the Dungeon)
Scrolls
 i - a scroll of poison {unknown}
 o - a scroll of noise {unknown}
Potions
 b - a potion of lignification {!q}
 e - a potion of cancellation {unknown}
 f - a potion of heal wounds {unknown}

Dungeon Overview and Level Annotations

Branches:
Dungeon (3/15) Zot: 16525

Altars:

Annotations:
D:2 Sigmund, Terence

.... ...
....#####..
#........# .#
#........# .#
#........##.#
###....K......####
......Jh..##.....#
#....@......#..#
#..............#
#.........##...#
#..............#
#.......#....#.#
#....######†##.#
#.### #####....#
#.#####...###.#..#
#.............# #


You could see a hound, an endoplasm and a kobold.


Message History

Unknown command.
You closely miss the adder. Your kick misses the adder.
You feel sick. The adder bites you.
* * * LOW HITPOINT WARNING * * *
You are more poisoned.
The adder poisons you!
You closely miss the adder. Your kick misses the adder.
Your headbutt misses the adder.
You feel sick. The adder bites you but does no damage.
Unknown command.
You completely miss the adder. Your kick misses the adder.
You feel sick. The adder bites you.
* * * LOW HITPOINT WARNING * * *
Unknown command.
You hit the adder. Your kick misses the adder. Your headbutt misses the adder.
You feel sick. The adder bites you.
* * * LOW HITPOINT WARNING * * *
You are lethally poisoned!
The adder poisons you! The adder closely misses you.
You hit the adder.
You kill the adder!
* * * LOW HITPOINT WARNING * * *
You feel sick.
Training target 3.0 for Spellcasting reached!
Your Spellcasting skill increases to level 3!
Unknown command.
It was a potion of curing.
You feel better.
Your horns disappear.
Your talons disappear.
You start resting.
Unknown command.
You see here a dart slug corpse.
There is a stone staircase leading up here.
You fly upwards.
Level annotation: Sigmund, Terence The adder hisses angrily.
The goblin shouts!
There is a stone staircase leading down here.
Danger!
Unknown command.
The adder barely misses you.
You fly downwards.
A hound comes into view.
There is a stone staircase leading up here.
Unknown command.
Unknown command.
You grow a pair of large bovine horns.
Your feet morph into talons.
The hound barks!
The adder barely misses you. The adder closely misses you.
Unknown command.
You closely miss the adder. You claw the adder, but do no damage.
The adder bites you.
You closely miss the adder. Your headbutt misses the adder.
An endoplasm comes into view.
The adder bites you.
You are poisoned.
The adder poisons you!
You hit the adder.
You feel sick. The adder closely misses you.
A kobold comes into view. It is wielding a +0 club.
The hound bites you.
Unknown command.
The kobold shouts!
You hit the adder. Your headbutt misses the adder.
You feel sick. The adder bites you. The hound closely misses you.
The adder bites you. The hound bites you but does no damage.
Unknown command.
Unknown command.
You closely miss the adder. The adder bites you but does no damage.
The hound completely misses you.
Unknown command.
You miss the adder. Your kick misses the adder.
You feel sick. The hound closely misses you. The adder bites you.
* * * LOW HITPOINT WARNING * * *
The kobold throws a stone.
The stone barely misses you.
Unknown command.
You barely miss the adder. You claw the adder. Your headbutt misses the adder.
You feel sick. The hound bites you but does no damage.
The adder barely misses you. The hound bites you.
* * * LOW HITPOINT WARNING * * *
The adder barely misses you.
Unknown command.
You hit the adder.
You kill the adder!
You feel sick.
You are no longer poisoned.
The hound barely misses you.
Unknown command.
You miss the hound. The hound bites you.
* * * LOW HITPOINT WARNING * * *
The endoplasm freezes you.
You are frozen.
* * * LOW HITPOINT WARNING * * *
The hound bites you.
* * * LOW HITPOINT WARNING * * *
Unknown command.
You feel better.
Your transformation is almost over.
The hound bites you.
* * * LOW HITPOINT WARNING * * *
The endoplasm freezes you.
You are frozen.
You die...

Skill      XL: |  1  2  3 |
---------------+----------+-----
Dodging        | 2 |  2.0
Transmutations | 2 |  2.3
Fighting       | 2 |  2.5
Unarmed Combat | 3 |  3.1
Spellcasting   | 3 |  3.0

Action                   || total
-------------------------++-------
Melee: Unarmed           ||   122
       Kick              ||    22
       Headbutt          ||     8
       Punch             ||     2
Throw: Stone             ||     6
       Javelin           ||     3
 Cast: Beastly Appendage ||    24
       Wereblood         ||     1
  Use: Potion            ||     2
Armor: Robe              ||    39
Dodge: Dodged            ||    87

Levels and vault maps discovered:
D:1:      erik_arrival_cave_to_civilisation [erik_arrival_cave_to_hall],
          layout_basic
D:2:      layout_basic, minmay_vboxes, uniq_sigmund, uniq_terence
D:3:      kennysheep_the_goblin_king, layout_basic

Notes
Turn   | Place    | Note
-------+----------+-------------------------------------------
     0 | D:1      | Sobieck the Ogre Transmuter began the quest for the Orb.
     0 | D:1      | Reached XP level 1. HP: 19/19 MP: 3/3
   206 | D:1      | Reached XP level 2. HP: 10/28 MP: 5/5
   513 | D:1      | Reached skill level 2 in Dodging
   513 | D:1      | Reached skill level 2 in Transmutations
   532 | D:1      | Learned a level 2 spell: Wereblood
   623 | D:1      | Reached skill level 2 in Fighting
   829 | D:1      | Reached XP level 3. HP: 26/35 MP: 7/7
  1089 | D:2      | Noticed Sigmund
  1270 | D:2      | Noticed Terence
  1325 | D:3      | Reached skill level 3 in Unarmed Combat
  1347 | D:3      | HP: 7/35 [poisoned by an adder]
  1348 | D:3      | HP: 3/35 [poisoned by an adder]
  1349 | D:3      | Reached skill level 3 in Spellcasting
  1475 | D:3      | HP: 7/36 [hound (5)]
  1475 | D:3      | HP: 2/36 [hound (4)]
  1476 | D:3      | Frozen to death by an endoplasm

Vanquished Creatures
  2 adders (D:3)
  A dart slug (D:3)
  3 ball pythons (D:1)
  2 endoplasms (D:1)
  3 giant cockroaches
  2 goblins (D:1)
  7 hobgoblins
  4 kobolds
  A quokka (D:1)
  3 bats (D:1)
  A frilled lizard (D:1)
  2 rats (D:1)
31 creatures vanquished.

Table legend:
 A = Non-vault XP
 B = Vault XP
 C = Vault XP percentage of total XP
 D = Non-vault monster count
 E = Vault monster count
 F = Vault count percentage of total count
                 A         B        C        D         E       F
            +---------+---------+-------+---------+---------+-------
      Total |      73 |       3 |   3.9 |      29 |       2 |   6.5
            +---------+---------+-------+---------+---------+-------
        D:1 |      38 |       3 |   7.3 |      23 |       2 |   8.0
        D:2 |       5 |       0 |   0.0 |       3 |       0 |   0.0
        D:3 |      30 |       0 |   0.0 |       3 |       0 |   0.0
            +---------+---------+-------+---------+---------+-------

Illustrated notes

Table legend:
 A = Kills in this place as a percentage of kills in entire the game.
 B = Kills by you in this place as a percentage of kills by you in the entire game.
 C = Kills by friends in this place as a percentage of kills by friends in the entire game.
 D = Other kills in this place as a percentage of other kills in the entire game.
 E = Experience gained in this place as a percentage of experience gained in the entire game.
 F = Experience gained in this place divided by the number of levels of this place that you have seen.
                   A       B       C       D       E      F
               +-------+-------+-------+-------+-------+----------------------
         Total | 100.0 | 100.0 |   N/A |   N/A | 100.0 |  25.3
       Dungeon | 100.0 | 100.0 |   N/A |   N/A | 100.0 |  25.3
               +-------+-------+-------+-------+-------+----------------------

Table legend: (Time is in decaauts)
 A = Elapsed time spent in this place.
 B = Non-inter-level travel time spent in this place.
 C = Inter-level travel time spent in this place.
 D = Time resting spent in this place.
 E = Time spent auto-exploring this place.
 F = Levels seen in this place.
 G = Mean time per level.
                   A        B        C        D        E       F      G
               +--------+--------+--------+--------+--------+-----+--------+
         Total |   1473 |   1415 |     58 |    183 |    880 |   3 |  491.0 |
       Dungeon |   1473 |   1415 |     58 |    183 |    880 |   3 |  491.0 |
               +--------+--------+--------+--------+--------+-----+--------+

Top non-repeatable levels by time:
     D:1: 1135 daAuts
     D:3: 184 daAuts
     D:2: 153 daAuts
